 Dungeon Crawl Stone Soup version 0.31-a0-986-g5e6e4ef867 (webtiles) character file.

Game seed: 9088141622619353199

4692 Xavori the Protected (level 10, -2/67 HPs)
             Began as a Djinni Chaos Knight on Nov 4, 2023.
             Was a Plaything of Xom.
             Constricted to death by Maurice (3 damage)
             ... on level 8 of the Dungeon.
             The game lasted 00:09:03 (12150 turns).

Xavori the Protected (Djinni Chaos Knight)         Turns: 12150, Time: 00:09:04

Health: -2/67      AC: 12    Str: 11    XL:     10   Next: 72%
Gold:   454        EV: 14    Int: 21    God:    Xom [.*....] SH:  5 Dex: 21

rFire   + + .        a - +1 falchion (chaos)
rCold   x . .        D - +0 buckler
rNeg    + . .        p - +7 toga "Victory" {*Victory Int+7 Slay+7 Clar}
rPois   ∞            (helmet restricted)
rElec   .            (no cloak)
rCorr   .            (no gloves)
SInv    .            (boots unavailable)
Will    ++...        (no amulet)
Stlth   ++           l - +6 ring of dexterity
HPRegen 0.31/turn    H - ring "Kaydog" {rN+ Will+}
MPRegen 0.00/turn

%: clarity, infuse magic (-3 HP)
@: grasped by roots, flying, constricted, studying Armour
A: sickness immunity, fire resistance 2, cold vulnerability 1, float, innate
caster, HP casting, extra vitality 1, fangs 1, horns 2, iridescent scales 1,
clumsy 1, deterioration 1, frail 1, shaggy fur 1, MP-powered wands, noise
suppression
a: Renounce Religion


You were on level 8 of the Dungeon.
You worshipped Xom.
You were a plaything of Xom.
You visited 1 branch of the dungeon, and saw 8 of its levels.

You collected 454 gold pieces.

Inventory:

Hand Weapons
 a - a +1 falchion of chaos (weapon)
Missiles
 v - a throwing net
Armour
 b - a +2 leather armour
 p - the +7 toga "Victory" (worn) {*Victory Int+7 Slay+7 Clar}
   (You found it on level 2 of the Dungeon)

   *Victory:  When the wearer kills a threatening monster, it has a chance to
   gain +1 AC, +1 Slay, and +1 Int, capping at +7.
   When the wearer uses a scroll or a potion with a hostile monster in sight,
   its bonuses reset to +0.
   Unequipping it also resets its bonuses to +0.
   Int+7:     It affects your intelligence (+7).
   Slay+7:    It affects your accuracy & damage with ranged weapons and melee
   (+7).
   Clar:      It protects you from confusion, rage, mesmerisation and fear.
 y - a +0 kite shield
 D - a +0 buckler (worn)
Jewellery
 e - the ring "Rauxka" {Ice *Corrode Str+4}
   (Xom gifted it to you on level 1 of the Dungeon)

   [ring of ice]

   Ice:       It enhances your ice magic.
   Str+4:     It affects your strength (+4).
   rF-:       It makes you vulnerable to fire.
   rC+:       It protects you from cold.
   *Corrode:  It may corrode you when you take damage.
 l - a +6 ring of dexterity (left hand)
 B - a ring of fire
 H - the ring "Kaydog" (right hand) {rN+ Will+}
   (You took it off a gnoll sergeant on level 8 of the Dungeon)

   [ring of willpower]

   rN+:       It protects you from negative energy.
   Will+:     It increases your willpower.
Wands
 t - a wand of quicksilver (21)
 A - a wand of polymorph (6)
 E - a wand of flame (18)
 F - a wand of digging (6)
Scrolls
 c - a scroll of butterflies
 g - a scroll of poison
 j - a scroll of noise
 k - a scroll of fog
 m - a scroll of enchant weapon
 n - a scroll of fear
 q - a scroll of enchant armour
 r - 2 scrolls of revelation
 u - 6 scrolls of teleportation
 x - 2 scrolls of blinking
 G - a scroll of identify
Potions
 d - 4 potions of curing {unknown}
 f - a potion of invisibility {unknown}
 h - 3 potions of magic {unknown}
 i - 4 potions of heal wounds {unknown}
 o - 3 potions of attraction {unknown}
 s - 4 potions of enlightenment {unknown}
 w - 3 potions of degeneration {unknown}
 z - 2 potions of brilliance {unknown}
 C - a potion of mutation {unknown}


   Skills:
 + Level 7.5 Fighting
 + Level 6.8 Long Blades
 + Level 9.6 Armour
 + Level 7.8 Dodging
 * Level 3.9 Spellcasting
 * Level 3.9 Conjurations
 * Level 3.9 Hexes
   Level 0.0 Charms
 * Level 3.9 Summonings
 * Level 3.9 Necromancy
 * Level 3.9 Translocations
 * Level 3.9 Transmutations
 * Level 3.9 Fire Magic
 * Level 3.9 Ice Magic
 * Level 3.9 Air Magic
 * Level 3.9 Earth Magic
 * Level 3.9 Poison Magic
 + Level 2.7 Evocations


You knew the following spells:

 Your Spells              Type           Power      Damage    Failure   Level
a - Necrotise             Necr           80%        1d8       3%          1
b - Passwall              Tmut/Erth      16%        N/A       5%          2
c - Inner Flame           Hex/Fire       20%        N/A       11%         3
d - Leda's Liquefaction   Hex/Erth       10%        N/A       34%         4
Your spell library was empty.

Dungeon Overview and Level Annotations

Branches:
Dungeon (8/15)             Temple (0/1) D:5
   Lair: D:8-11

Altars:
Ashenzari
Cheibriados
Dithmenos
Fedhas
Hepliaklqana
Nemelex Xobeh
Qazlal
Uskayaw
Xom
Yredelemnul

Shops:
D:1 =   D:4 =

Annotations:
D:8 Maurice


Innate Abilities, Weirdness & Mutations

You are immune to sickness and miasma.
You are immune to poison.
Your flesh is very heat resistant. (rF++)
You are vulnerable to cold. (rC-)
You float through the air rather than walking.
You learn spells naturally, not from books.
Your magical power is your life essence.
You have superior vitality. (+4 MHP)
You have very sharp teeth.
You have a pair of horns on your head.
You are partially covered in iridescent scales. (AC +2)
You are clumsy. (Dex -2)
Your body sometimes deteriorates upon taking damage.
You are frail. (-10% HP)
You are covered in fur. (AC +1)
You expend health (3 HP) to strengthen your wands.
You passively dampen the noise of your surroundings.


Message History

You slash Grum!
You kill Grum!
Maurice unwields a +2 short sword of venom.
It stops dripping with poison.
Maurice drops a +2 short sword of venom.
Maurice picks up a +1 glaive.
Maurice wields a +1 glaive.
Maurice takes off a +0 cloak.
Maurice drops a +0 cloak.
Maurice picks up a +0 animal skin.
Maurice wears a +0 animal skin.
Maurice zaps a wand.
The roots erupt in riotous growth!
The grasping roots grab you! The grasping roots constrict you.
* * * LOW HITPOINT WARNING * * *
There is an open door here.
The roots grasp on you weakens, but your attempt to escape fails.
The roots lose their grip on you.
Maurice casts a spell.
Maurice flickers and vanishes!
Things that are here:
a +3 spear of distortion; a +0 scale mail You hear Xom's avuncular chuckle.
You hear a zap.
The roots erupt in riotous growth!
The wolf is unaffected.
The grasping roots grab you!
You are constricted.
The wolf bites you but does no damage.
There is an open door here.
You escape the roots grasp.
The wolf attacks as it pursues you! The wolf bites you!
* * * LOW HITPOINT WARNING * * *
You slice the wolf!!
The wolf is poisoned.
You headbutt the wolf.
You kill the wolf!
You hear a zap.
The roots erupt in riotous growth!
The grasping roots grab you!
You are constricted.
* * * LOW HITPOINT WARNING * * *
Okay, then.
The roots grasp on you weakens, but your attempt to escape fails.
You are constricted.
You die...
Xom giggles madly!

####'####.......+
#.......#oo.....# #
##.......##......# .#
+.........'......# .##
#.........##...### ..#
...........#.#+# .##
.# ###.....†)#####
..##.. #.#+#...#'#.#
≈.....##...#####@..##
......+......#..)...+
....(##......#......##
....##.......#.......#
...≈.#.......'.......#
..≈≈.#.......#.......#
...≈###......#......##
......+......#......+
......##...#####...##


There were no monsters in sight!

Vanquished Creatures
  Psyche (D:8)
  2 hornets
  2 steam dragons
  Grum (D:8)
  3 water moccasins
  A sky beast (D:7)
  3 black bears
  2 ice beasts
  2 orc warriors
  2 ogres
  4 wolves
  2 centaurs
  2 kobold brigands
  A gnoll sergeant (D:8)
  4 bullfrogs
  3 necrophages (D:7)
  A scorpion (D:6)
  4 wights (D:6)
  An electric eel (D:7)
  4 centaur zombies (D:7)
  3 hounds (D:5)
  5 jellies
  3 orc priests
  A gnoll bouda (D:5)
  2 iguanas
  A sleepcap (D:6)
  6 orc wizards
  A killer bee zombie (D:7)
  11 gnolls
  6 adders
  2 white imps
  2 ufetubi (D:5)
  2 worms (D:3)
  2 dart slugs
  16 orcs
  4 endoplasms
  2 giant cockroaches
  4 goblins
  2 hobgoblins
  2 jackals (D:1)
  19 kobolds
  3 quokkas (D:2)
  3 ball pythons
  5 bats
  2 frilled lizards
  6 rats
160 creatures vanquished.

Notes
Turn   | Place    | Note
-------+----------+-------------------------------------------
     0 | D:1      | Xavori the Djinni Chaos Knight began the quest for the Orb.
     0 | D:1      | Reached XP level 1. HP: 20/20 MP: 0/0
    77 | D:1      | XOM: divination: magic mapping
   166 | D:1      | Found Kohannen's Jewellery Shoppe.
   242 | D:1      | XOM: silly message
   244 | D:1      | Reached XP level 2. HP: 25/25 MP: 0/0
   714 | D:1      | XOM: silly message
   999 | D:1      | XOM: divination: magic mapping
  1034 | D:1      | XOM: noise
  1059 | D:1      | XOM: cloud trail
  2143 | D:1      | XOM: god gift: 3 scrolls labelled VEINOV JOXOASY {god gift}
  2512 | D:1      | XOM: cloud trail
  2700 | D:1      | XOM: give mutations
  2700 | D:1      | Gained mutation: You are frail. (-10% HP) [Xom's mischief]
  2700 | D:1      | Gained mutation: Your body sometimes deteriorates upon
                  | taking damage. [Xom's mischief]
  2700 | D:1      | Gained mutation: You expend health (3 HP) to strengthen
                  | your wands. [Xom's mischief]
  2700 | D:1      | Gained mutation: You passively dampen the noise of your
                  | surroundings. [Xom's mischief]
  2752 | D:1      | Identified the ring "Rauxka" {Ice *Corrode Str+4} (Xom
                  | gifted it to you on level 1 of the Dungeon)
  2752 | D:1      | XOM: god gift: ring "Rauxka" {Ice *Corrode Str+4}
  2973 | D:1      | XOM: god gift: +2 antimagic quarterstaff
  3205 | D:1      | XOM: scenery: create altars
  3697 | D:1      | XOM: give mutations
  3697 | D:1      | Gained mutation: Your muscles are strong. (Str +4, Int/Dex
                  | -1) [Xom's grace]
  3888 | D:1      | XOM is BORED!
  3888 | D:1      | XOM: summons 2 hostile shadow creatures
  4030 | D:2      | XOM: scenery: create altars
  5284 | D:1      | XOM: god gift: 2 curare-tipped darts
  5554 | D:1      | XOM: cloud trail
  5705 | D:1      | XOM: god gift: book of the Earth
  5830 | D:1      | XOM: god gift: staff of earth
  6046 | D:1      | XOM: give mutations
  6046 | D:1      | Lost mutation: Your muscles are strong. (Str +4, Int/Dex
                  | -1) [Xom's mischief]
  6046 | D:1      | Gained mutation: You have a pair of small horns on your
                  | head. [Xom's mischief]
  6046 | D:1      | Gained mutation: You are clumsy. (Dex -2) [Xom's mischief]
  6046 | D:1      | Gained mutation: You have very sharp teeth. [Xom's
                  | mischief]
  6091 | D:1      | XOM: divination: magic mapping
  6241 | D:1      | XOM: scenery: summon butterflies
  6252 | D:1      | XOM: give mutations
  6252 | D:1      | Gained mutation: You are covered in fur. (AC +1) [Xom's
                  | grace]
  6252 | D:1      | Gained mutation: You have a pair of horns on your head.
                  | [Xom's grace]
  6252 | D:1      | Gained mutation: You are partially covered in iridescent
                  | scales. (AC +2) [Xom's grace]
  6341 | D:2      | Found the +0 toga "Victory" {*Victory Clar}
  6354 | D:2      | Reached XP level 3. HP: 15/27 MP: 0/0
  6354 | D:2      | Learned a level 1 spell: Necrotise
  6361 | D:2      | XOM: 7-stop teleportation journey
  6478 | D:2      | XOM: noise
  6657 | D:2      | Reached skill level 2 in Armour
  6657 | D:2      | Reached XP level 4. HP: 27/31 MP: 0/0
  7768 | D:4      | Reached XP level 5. HP: 9/36 MP: 0/0
  7768 | D:4      | Learned a level 2 spell: Passwall
  7964 | D:4      | Found a basalt altar of Yredelemnul.
  8009 | D:4      | Reached skill level 3 in Armour
  8079 | D:4      | Found Toadyim's Jewellery Shop.
  8079 | D:4      | XOM: 2-stop teleportation journey
  8400 | D:4      | XOM: enchant monster (bad)
  8508 | D:4      | XOM: cast spell 'Summon Small Mammal'
  8511 | D:4      | Reached XP level 6. HP: 42/42 MP: 0/0
  8653 | D:4      | Found a shadowy altar of Dithmenos.
  8654 | D:4      | Noticed a shadow
  8659 | D:4      | Found a hazy altar of Hepliaklqana.
  8674 | D:4      | Noticed a black bear
  8679 | D:4      | Killed a black bear
  8680 | D:4      | Reached skill level 4 in Armour
  8914 | D:4      | XOM: scenery: summon butterflies
  8953 | D:5      | Entered Level 5 of the Dungeon
  9026 | D:5      | XOM: enchant monster (good)
  9095 | D:5      | Reached XP level 7. HP: 47/47 MP: 0/0
  9095 | D:5      | Learned a level 3 spell: Inner Flame
  9114 | D:5      | Found a shimmering altar of Xom.
  9140 | D:5      | XOM: fog
  9142 | D:5      | XOM: potion effect (curing)
  9255 | D:5      | Reached skill level 5 in Armour
  9411 | D:5      | XOM: 2-stop teleportation journey
  9549 | D:5      | Reached skill level 5 in Fighting
  9554 | D:5      | Reached XP level 8. HP: 46/53 MP: 0/0
  9595 | D:5      | Found a staircase to the Ecumenical Temple.
  9623 | D:5      | Reached skill level 5 in Dodging
  9761 | D:5      | XOM: 1-stop teleportation journey
  9833 | D:5      | XOM: scenery: create altars
  9981 | D:5      | XOM: god gift: dagger {god gift}
 10070 | D:5      | Reached skill level 6 in Armour
 10158 | D:6      | Reached skill level 5 in Long Blades
 10312 | D:6      | Reached skill level 7 in Armour
 10315 | D:6      | Reached XP level 9. HP: 38/59 MP: 0/0
 10315 | D:6      | Learned a level 4 spell: Leda's Liquefaction
 10412 | D:6      | Found a broken altar of Ashenzari.
 10434 | D:6      | Reached skill level 1 in Spellcasting
 10434 | D:6      | Reached skill level 1 in Conjurations
 10434 | D:6      | Reached skill level 1 in Hexes
 10434 | D:6      | Reached skill level 1 in Summonings
 10434 | D:6      | Reached skill level 1 in Necromancy
 10434 | D:6      | Reached skill level 1 in Translocations
 10434 | D:6      | Reached skill level 1 in Transmutations
 10434 | D:6      | Reached skill level 1 in Fire Magic
 10434 | D:6      | Reached skill level 1 in Ice Magic
 10434 | D:6      | Reached skill level 1 in Air Magic
 10434 | D:6      | Reached skill level 1 in Earth Magic
 10434 | D:6      | Reached skill level 1 in Poison Magic
 10458 | D:6      | XOM: god gift: plate armour {god gift}
 10480 | D:6      | XOM: polymorph ogre -> wolf
 10539 | D:6      | Found a sparkling altar of Nemelex Xobeh.
 10585 | D:6      | XOM: scenery: create altars
 10698 | D:6      | Reached skill level 8 in Armour
 11267 | D:7      | Found a snail-covered altar of Cheibriados.
 11312 | D:7      | XOM: confuse monster(s)
 11331 | D:7      | XOM: 1-stop teleportation journey
 11393 | D:7      | XOM: scenery: create altars
 11562 | D:7      | Found a stormy altar of Qazlal.
 11658 | D:7      | Reached XP level 10. HP: 65/65 MP: 0/0
 11687 | D:7      | Found a hide-covered altar of Uskayaw.
 11703 | D:7      | Reached skill level 1 in Evocations
 11722 | D:7      | Found a blossoming altar of Fedhas.
 11821 | D:7      | XOM: smoke on damage
 11830 | D:7      | XOM: noise
 11835 | D:7      | Reached skill level 9 in Armour
 11837 | D:7      | XOM: enchant monster (bad)
 11910 | D:8      | Noticed Psyche
 11915 | D:8      | Killed Psyche
 12068 | D:8      | Identified the ring "Kaydog" {rN+ Will+}
 12098 | D:8      | XOM: noise
 12123 | D:8      | Noticed Maurice
 12125 | D:8      | Noticed Grum
 12137 | D:8      | Killed Grum
 12147 | D:8      | XOM: enchant monster (bad)
 12149 | D:8      | HP: 1/67 [something (5)]
 12150 | D:8      | Constricted to death by Maurice

Illustrated notes

Levels and vault maps discovered:
D:1:      dpeg_arrival_three_bigger_balls, layout_basic, serial_shops,
          nicolae_shop_tiny_statue_garden
D:2:      layout_loops_ring, supply_closet_lemuel
D:3:      layout_loops_ring
D:4:      layout_gridville, riverfiend_overflow_shadow_ancestor,
          mainiacjoe_overflow_chevrons, serial_shops, shop,
          nicolae_houndstooth_variations
D:5:      layout_loops_ring, mainiacjoe_overflow_tiny_flanked,
          minmay_temple_entry_arrows, dk_noncrumbling_4
D:6:      layout_loops_cross, mainiacjoe_overflow_large_starburst
D:7:      layout_cave_pools, grunt_qazlal_sundering,
          eat_drink_and_be_merry_uskayaw, overflow_temple_1_default,
          fedhas_altar_decomposition, water_maze_lemuel
D:8:      nicolae_cairo_tiling_very_big, layout_gridville,
          amcnicky_altar_gilded, mainiacjoe_overflow_surrounded_room,
          serial_shops, kennysheep_mini, kennysheep_decorative_pillar,
          chequers_decorated_corner, minmay_shop_chei, nicolae_grassy_gnolls,
          uniq_joseph, uniq_maurice, uniq_psyche, uniq_grum

Skill      XL: |  1  2  3  4  5  6  7  8  9 10 |
---------------+-------------------------------+-----
Long Blades    | 3 4 5 6 |  6.8
Armour         | 2 3 4 5 7 8 9 |  9.6
Dodging        | 3 4 6 7 |  7.8
Fighting       | 4 5 6 7 |  7.5
Spellcasting   | 2 3 |  3.9
Conjurations   | 2 3 |  3.9
Hexes          | 2 3 |  3.9
Summonings     | 2 3 |  3.9
Necromancy     | 2 3 |  3.9
Translocations | 2 3 |  3.9
Transmutations | 2 3 |  3.9
Fire Magic     | 2 3 |  3.9
Ice Magic      | 2 3 |  3.9
Air Magic      | 2 3 |  3.9
Earth Magic    | 2 3 |  3.9
Poison Magic   | 2 3 |  3.9
Evocations     | 2 |  2.7

Action                     |  1- 3 |  4- 6 |  7- 9 | 10-12 || total
---------------------------+-------+-------+-------+-------++-------
  Melee: Falchion          |    81 |   100 |   156 |    90 ||   427
         Bite              |     3 |     6 |    18 |    16 ||    43
         Headbutt          |     1 |    19 |    36 |    26 ||    82
         Punch             |       |     1 |       |       ||     1
    Use: Scroll            |     1 |       |     7 |     2 ||    10
   Stab: Sleeping          |     1 |     1 |       |       ||     2
         Paralysed         |       |     3 |       |       ||     3
         Confused          |       |       |     2 |     1 ||     3
 Armour: Leather armour    |    55 |     2 |       |       ||    57
         Robe              |       |    60 |   103 |    46 ||   209
  Dodge: Dodged            |    57 |    54 |    94 |    43 ||   248
  Block: Kite shield       |       |     5 |    58 |       ||    63
         Buckler           |       |       |     3 |    19 ||    22

Table legend: (Time is in decaauts)
 A = Elapsed time spent in this place.
 B = Non-inter-level travel time spent in this place.
 C = Inter-level travel time spent in this place.
 D = Time resting spent in this place.
 E = Time spent auto-exploring this place.
 F = Levels seen in this place.
 G = Mean time per level.
                   A        B        C        D        E       F      G
               +--------+--------+--------+--------+--------+-----+--------+
         Total |  12220 |  11939 |    281 |   5792 |   4956 |   8 | 1527.5 |
       Dungeon |  12220 |  11939 |    281 |   5792 |   4956 |   8 | 1527.5 |
               +--------+--------+--------+--------+--------+-----+--------+

Top non-repeatable levels by time:
     D:1: 6184 daAuts
     D:4: 1248 daAuts
     D:5: 1153 daAuts
     D:6: 1137 daAuts
     D:2: 959 daAuts
     D:3: 635 daAuts
     D:7: 616 daAuts
     D:8: 284 daAuts
